 Dungeon Crawl Stone Soup version 0.29-a0-1052-g6990b1bffc (webtiles) character file.

Game seed: 4322319671417316690

98 Zonian the Chiller (level 4, 0/31 HPs)
             Began as a Vine Stalker Ice Elementalist on Aug 18, 2022.
             Was a Believer of Lugonu.
             Succumbed to Robin's poison
             ... on level 3 of the Dungeon.
             The game lasted 00:03:05 (2536 turns).

Zonian the Chiller (Vine Stalker Ice Elementalist)  Turns: 2536, Time: 00:03:05

Health: 0/31       AC:  3    Str: 11    XL:     4   Next: 69%
Magic:  3/9        EV: 12    Int: 15    God:    Lugonu [**....]
Gold:   103        SH:  0    Dex: 16    Spells: 8/9 levels left

rFire   . . .      SeeInvis .   e - +0 short sword
rCold   . . .      Faith    .   (no shield)
rNeg    . . .      Spirit   +   a - +0 robe
rPois   .          Reflect  .   n - +0 helmet
rElec   .          Harm     .   (no cloak)
rCorr   .          Rampage  .   (no gloves)
Will    .....                   (no boots)
Stlth   ..........              (no amulet)
HPRegen 0.90/turn               (no ring)
MPRegen 0.11/turn               (no ring)

@: berserking, lethally poisoned (0 -> -10), hasted, very quick
A: fangs 2, regeneration 1, magic shield, antimagic bite, no potion heal 2
a: Renounce Religion, Depart the Abyss, Bend Space


You were on level 3 of the Dungeon.
You worshipped Lugonu.
Lugonu was pleased with you.
You visited 1 branch of the dungeon, and saw 3 of its levels.

You collected 103 gold pieces.

Inventory:

Hand Weapons
 e - a +0 short sword (weapon)
Armour
 a - a +0 robe (worn)
 n - a +0 helmet (worn)
Jewellery
 b - a ring of protection from fire
 c - an amulet of reflection
Wands
 o - a wand of light (11)
Scrolls
 g - 4 scrolls of identify {unknown}
 j - a scroll of poison {unknown}
 l - a scroll of acquirement {unknown}
 m - 3 scrolls of teleportation {unknown}
Potions
 f - 2 potions of heal wounds
 i - a potion of brilliance {unknown}
 k - a potion of cancellation {unknown}


   Skills:
 + Level 2.3 Dodging
 + Level 3.6 Stealth
 + Level 3.0 Spellcasting
 + Level 4.5 Ice Magic


You had 8 spell levels left.
You knew the following spells:

 Your Spells              Type           Power      Damage    Failure   Level
a - Freeze                Ice            64%        1d8       3%          1

Your spell library contained the following spells:

 Spells                   Type           Power      Damage    Failure   Level
 Frozen Ramparts          Ice            32%        1d5       9%          3
 Ozocubu's Armour         Ice            16%        N/A       9%          3
 Hailstorm                Conj/Ice       9%         3d4       61%         4
 Passage of Golubria      Tloc           2%         N/A       89%         4
 Silence                  Hex/Air        1%         N/A       99%         5
 Lehudib's Crystal Spear  Conj/Erth      1%         10d2      100%        8


Dungeon Overview and Level Annotations

Branches:
Dungeon (3/15)

Altars:
Qazlal
Ru
Vehumet
Lugonu

Annotations:
D:3 Robin


Innate Abilities, Weirdness & Mutations

You have extremely sharp teeth.
Your natural rate of healing is unusually fast.
When hurt, damage is shared between your health and your magic reserves.
Your bite disrupts and absorbs the magic of your enemies.
Potions cannot restore your health.


Message History

Robin is lightly wounded.
You feel very sick. Robin closely misses you.
Unknown command.
Casting: Freeze (safe; 3% risk of failure)
Confirm with . or Enter, or press ? or * to list all spells.
Aiming: Freeze (safe; 3% risk of failure)
Press: ? - help, Shift-Dir - straight line, f - Robin
Aim: Robin, wielding a +1 whip of venom, wearing a +0 animal skin and wearing a +0 helmet (lightly wounded)
You freeze Robin!
Robin is heavily wounded.
You feel very sick. Robin barely misses you.
Casting: Freeze (safe; 3% risk of failure)
Confirm with . or Enter, or press ? or * to list all spells.
Aiming: Freeze (safe; 3% risk of failure)
Press: ? - help, Shift-Dir - straight line, f/p - Robin
Aim: Robin, wielding a +1 whip of venom, wearing a +0 animal skin and wearing a +0 helmet (heavily wounded)
You freeze Robin!
Robin is almost dead.
You feel sick. Robin hits you with a +1 whip of venom.
You are lethally poisoned!
It was a potion of heal wounds.
That seemed strangely inert.
You feel very sick.
Robin drinks a potion.
Robin is healed!
It was a potion of haste.
You feel yourself speed up.
* * * LOW HITPOINT WARNING * * *
You feel very sick. Robin hits you with a +1 whip of venom.
* * * LOW HITPOINT WARNING * * *
You are more poisoned.
It was a potion of berserk rage.
A red film seems to cover your vision as you go berserk!
You feel yourself moving faster!
You feel mighty!
* * * LOW HITPOINT WARNING * * *
You feel very sick.
You are too berserk!
You barely miss Robin.
Robin is severely wounded.
You die...

#.#####...#####..
+#.#'ggg#
#g#ggg8.#
#g#.._gg#
#.#.8g8g#
##)##.g.###
#####...#####.#
#......g###...#.#
#......gg@......#
#.......#####.###
#########


You could see Robin and 2 hobgoblins.

Vanquished Creatures
  Jessica (D:3)
  3 adders (D:2)
  A worm (D:2)
  A dart slug (D:2)
  3 ball pythons
  2 endoplasms
  A giant cockroach (D:3)
  8 goblins
  6 hobgoblins
  2 bats
  3 frilled lizards
  7 kobolds
  A rat (D:2)
39 creatures vanquished.

Notes
Turn   | Place    | Note
-------+----------+-------------------------------------------
     0 | D:1      | Zonian the Vine Stalker Ice Elementalist began the quest
                  | for the Orb.
     0 | D:1      | Reached XP level 1. HP: 9/9 MP: 4/4
   539 | D:1      | Reached XP level 2. HP: 13/13 MP: 4/6
   768 | D:1      | Found a faded altar of an unknown god.
   782 | D:1      | Prayed at the altar of an unknown god.
   782 | D:1      | Became a worshipper of Lugonu the Unformed
   782 | D:1      | Reached * piety under Lugonu
   782 | D:1      | Reached ** piety under Lugonu
  1173 | D:2      | Reached XP level 3. HP: 16/16 MP: 4/7
  2385 | D:3      | Found a radiant altar of Vehumet.
  2396 | D:3      | Gained mutation: Your natural rate of healing is unusually
                  | fast. [Vine Stalker growth]
  2396 | D:3      | Reached XP level 4. HP: 19/21 MP: 7/9
  2419 | D:3      | Found a stormy altar of Qazlal.
  2419 | D:3      | Noticed Jessica
  2423 | D:3      | Killed Jessica
  2434 | D:3      | Found a sacrificial altar of Ru.
  2434 | D:3      | Noticed Robin
  2536 | D:3      | Succumbed to Robin's poison

Illustrated notes

Levels and vault maps discovered:
D:1:      wander_arrival_lonely_grave, layout_basic, basic_ecumenical_altar
D:2:      minmay_wonky_spiral, layout_loops_ring
D:3:      layout_loops_cross, grunt_temple_overflow_cloverleaf, uniq_robin,
          uniq_natasha, uniq_sigmund, uniq_crazy_yiuf_cottage, uniq_jessica

Skill      XL: |  1  2  3  4 |
---------------+-------------+-----
Stealth        | 3 |  3.6
Dodging        | 2 |  2.3
Spellcasting   | 3 |  3.0
Ice Magic      | |  4.5

Action                   |  1- 3 |  4- 6 || total
-------------------------+-------+-------++-------
Melee: Short sword       |    52 |    44 ||    96
       Bite              |    12 |    10 ||    22
       Unarmed           |     2 |       ||     2
 Cast: Freeze            |    21 |     4 ||    25
  Use: Potion            |     1 |     3 ||     4
 Stab: Sleeping          |     7 |     1 ||     8
Armor: Robe              |     9 |     9 ||    18
Dodge: Dodged            |    42 |    31 ||    73

Table legend: (Time is in decaauts)
 A = Elapsed time spent in this place.
 B = Non-inter-level travel time spent in this place.
 C = Inter-level travel time spent in this place.
 D = Time resting spent in this place.
 E = Time spent auto-exploring this place.
 F = Levels seen in this place.
 G = Mean time per level.
                   A        B        C        D        E       F      G
               +--------+--------+--------+--------+--------+-----+--------+
         Total |   2545 |   2456 |     89 |    240 |   1886 |   3 |  848.3 |
       Dungeon |   2545 |   2456 |     89 |    240 |   1886 |   3 |  848.3 |
               +--------+--------+--------+--------+--------+-----+--------+

Top non-repeatable levels by time:
     D:2: 1289 daAuts
     D:1: 1133 daAuts
     D:3: 122 daAuts
